 Dungeon Crawl Stone Soup version 0.22-a0-833-g8522bf8125 (webtiles) character file.

280 Mirvelgyr the Shield-Bearer (level 6, 0/49 HPs)
             Began as a Formicid Fighter on July 25, 2018.
             Was an Initiate of Okawaru.
             Slain by a jackal (2 damage)
             ... on level 3 of the Dungeon.
             The game lasted 00:04:32 (3362 turns).

Mirvelgyr the Shield-Bearer (Formicid Fighter)      Turns: 3362, Time: 00:04:32

Health: 0/49       AC: 10    Str: 22    XL:     6   Next: 52%
Magic:  6/6        EV:  5    Int:  7    God:    Okawaru [......]
Gold:   201        SH:  9    Dex: 11    Spells: 5/5 levels left

rFire    . . .     SeeInvis +   a - +0 flail
rCold    . . .     Gourm    .   c - +0 shield
rNeg     . . .     Faith    .   o - +0 chain mail
rPois    .         Spirit   .   (helmet unavailable)
rElec    .         Reflect  .   k - +0 cloak
rCorr    +         Harm     .   (no gloves)
MR       .....                  (no boots)
Stlth    ..........             (no amulet)
HPRegen  0.16/turn              e - ring of resist corrosion
MPRegen  0.10/turn              (no ring)

@: heavily drained
A: permanent stasis, dig shafts and tunnels, four strong arms, antennae 3
a: Dig, Shaft Self, Renounce Religion


You were on level 3 of the Dungeon.
You worshipped Okawaru.
Okawaru was noncommittal.
You were full.

You visited 1 branch of the dungeon, and saw 4 of its levels.

You collected 201 gold pieces.

Inventory:

Hand Weapons
 a - a +0 flail (weapon)
Armour
 c - a +0 shield (worn)
 k - a +0 cloak (worn)
 o - a +0 chain mail (worn)
Jewellery
 e - a ring of resist corrosion (left hand)
Scrolls
 j - a scroll of identify {unknown}
 l - a scroll of remove curse {unknown}
 m - a scroll of magic mapping {unknown}
 n - a scroll of immolation {unknown}
 p - a scroll of random uselessness {unknown}
Potions
 b - a potion of brilliance
 d - a potion of might
 i - a potion of agility
 q - a potion of cancellation
Comestibles
 f - 4 rations


   Skills:
 + Level 4.4(2.4) Fighting
 * Level 4.3(2.3) Maces & Flails
 + Level 4.4(2.5) Armour
 + Level 4.9(3.0) Shields


You had 5 spell levels left.
You didn't know any spells.
Your spell library was empty.

Dungeon Overview and Level Annotations

Branches:
Dungeon (4/15)
 Temple: D:4-7

Altars:
Cheibriados
Fedhas
Okawaru


Innate Abilities, Weirdness & Mutations

You cannot be hasted, slowed, berserked, paralysed or teleported.
You can dig through walls and to a lower floor.
Your four strong arms can wield two-handed weapons with a shield.
You have a pair of large antennae on your head. (SInv)


Message History

The jackal barely misses you.
The jackal bites you but does no damage.
You block the jackal's attack. The jackal barely misses you.
You miss the jackal.
The jackal is heavily wounded.
You feel sick.
You are no longer poisoned.
You block the jackal's attack. The jackal bites you.
* * * LOW HITPOINT WARNING * * *
The jackal bites you but does no damage.
You block the jackal's attack.
You closely miss the jackal.
The jackal is heavily wounded.
The jackal bites you but does no damage. x3
You block the jackal's attack.
You hit the jackal.
The jackal is almost dead.
The jackal bites you but does no damage. x3
The jackal bites you.
You die...

#...........#...##.
#...........##.###.
#..............###.
#..................
#..................
#...........##.#.##
##+#'#########...##
#.#.# ###.##
######@#.###########.##
#.....hh...............
#.####.#############.##
#.# #.................
#.# ######..........##
#.# #.####.....## #.#
#.# #.....## #.# #.#
#....### #.# ####.#
#....# #


You could see 2 jackals.

Vanquished Creatures
  A scorpion (D:4)
  2 orc wizards (D:4)
  A worker ant (D:3)
  2 adders
  4 gnolls (D:3)
  An ooze (D:1)
  A worm (D:2)
  2 dart slugs (D:3)
  3 leopard geckos
  3 orcs
  7 giant cockroaches
  9 goblins
  7 hobgoblins
  10 jackals
  A quokka (D:2)
  A ball python (D:3)
  7 bats
  6 frilled lizards
  7 kobolds
  6 rats
81 creatures vanquished.

Notes
Turn   | Place    | Note
-------+----------+-------------------------------------------
     0 | D:1      | Mirvelgyr the Formicid Fighter began the quest for the Orb.
     0 | D:1      | Reached XP level 1. HP: 18/18 MP: 1/1
   118 | D:1      | Reached XP level 2. HP: 19/24 MP: 2/2
   415 | D:1      | Reached XP level 3. HP: 29/29 MP: 3/3
  1287 | D:2      | Reached XP level 4. HP: 37/37 MP: 4/4
  1335 | D:2      | Found an iron altar of Okawaru.
  1352 | D:2      | Became a worshipper of Warmaster Okawaru
  1822 | D:3      | Reached XP level 5. HP: 26/42 MP: 5/5
  2403 | D:3      | Found a snail-covered altar of Cheibriados.
  2566 | D:3      | Found a blossoming altar of Fedhas.
  2756 | D:4      | Reached XP level 6. HP: 40/48 MP: 6/6
  3357 | D:3      | HP: 2/49 [jackal (2)]
  3362 | D:3      | Slain by a jackal

Vault maps used:
D:1:      co_arrival_square_in_a_square_in_a_square, lemuel_another_geyser
D:2:      kennysheep_okawaru_gauntlet, kennysheep_slug_shrine
D:3:      nicolae_overflow_crystal_walls, marbit_many_paths, first_ration,
          minmay_misc_feat_more_columns
D:4:      nemelex_altar_shiori, eat_drink_and_be_merry_uskayaw,
          lemuel_coloured_pillars_altar, minmay_temple_entry_nine_rooms,
          corexii_checkpoint_b, uniq_eustachio

Skill      XL: |  1  2  3  4  5 |
---------------+----------------+-----
Shields        | 4 |  4.9
Maces & Flails | 3 4 |  4.3
Armour         | 4 |  4.4
Fighting       | 4 |  4.4

Action                   |  1- 3 |  4- 6 || total
-------------------------+-------+-------++-------
Melee: Flail             |   144 |   180 ||   324
  Use: Potion            |     3 |     3 ||     6
  Eat: Chunk             |     1 |     6 ||     7
       Ration            |       |     2 ||     2
Armor: Scale mail        |    49 |    52 ||   101
       Chain mail        |       |    56 ||    56
Dodge: Dodged            |    58 |    63 ||   121
Block: Shield            |    83 |   134 ||   217

Table legend:
 A = Spawn XP
 B = Non-spawn XP
 C = Spawn XP percentage of total XP
 D = Spawn monster count
 E = Non-spawn monster count
 F = Spawn count percentage of total count
 G = Total turns spent on level
                    A         B        C        D         E        F      G
               +---------+---------+-------+---------+---------+-------+---------
         Total |       0 |     401 |   0.0 |       0 |      81 |   0.0 |  3362
               +---------+---------+-------+---------+---------+-------+---------
           D:1 |       0 |      32 |   0.0 |       0 |      20 |   0.0 |   709
           D:2 |       0 |      73 |   0.0 |       0 |      30 |   0.0 |  1077
           D:3 |       0 |     144 |   0.0 |       0 |      26 |   0.0 |  1401
           D:4 |       0 |     152 |   0.0 |       0 |       5 |   0.0 |   175
               +---------+---------+-------+---------+---------+-------+---------
